 Dungeon Crawl Stone Soup version 0.23.0-3-gf3c87f2 (webtiles) character file.

Game seed: 17723607361923497029

3355830 dvd the Gargoyle Aeon (level 27, 183/183 HPs)
             Began as a Gargoyle Monk on Feb 23, 2019.
             Was the Champion of Cheibriados.
             Escaped with the Orb
             ... and 5 runes!
             The game lasted 04:52:24 (67419 turns).

dvd the Gargoyle Aeon (Gargoyle Monk)              Turns: 67419, Time: 04:52:25

Health: 183/183    AC: 62    Str: 44    XL:     27
Magic:  35/35      EV: 25    Int: 35    God:    Cheibriados [******]
Gold:   5609       SH: 23    Dex: 44    Spells: 29/41 levels left

rFire    + + +     SeeInvis +   L - +4 broad axe (chop)
rCold    + + +     Gourm    .   l - +4 shield {AC+3}
rNeg     + + .     Faith    .   Y - +9 scales of the Dragon King {rPois rF+ rC+ MR+}
rPois    ∞         Spirit   .   V - +2 helmet {SInv}
rElec    +         Reflect  .   P - +1 cloak of the Good {MR- rCorr Str+6 Dex+2}
rCorr    +         Harm     .   Z - +2 pair of gloves {archery}
MR       ++++.                  k - +0 pair of boots of Icuceis {rPois rC+ Str+3}
Stlth    ..........             c - amulet "Saster" {rF+ Regen+ Int+5 Slay+3}
HPRegen  0.80/turn              d - ring of the Four Seas {rF+ rN+ MR+ Str-2 Dex+4}
MPRegen  0.24/turn              o - ring "Zuck" {Str+3 Int+3 Dex+5}

@: flying, very slow
A: big wings, blink, blurry vision 1, cold resistance 1, deformed body, dopey 1,
low mp 1, magic resistance 1, negative energy resistance 1, electricity
resistance, unbreathing, petrification resistance, no potion heal 1, rot
immunity, subdued magic 1, MP-powered wands, AC +20
0: Orb of Zot
}: 5/15 runes: barnacled, slimy, silver, abyssal, gossamer
a: Stop Flying, Blink, Bend Time, Temporal Distortion, Slouch, Step From Time,
Renounce Religion


You escaped.
You worshipped Cheibriados.
Cheibriados was exalted by your worship.
You were not hungry.

You visited 17 branches of the dungeon, and saw 63 of its levels.
You visited the Abyss 2 times.
You also visited: Trove, Sewer, Bailey, Ice Cave, Volcano and Desolation.

You collected 7309 gold pieces.
You spent 1700 gold pieces at shops.

Inventory:

Hand Weapons
 a - a +9 battleaxe of venom
 u - the +7 battleaxe of Generosity {freeze, rF+ Stlth+}
   (You found it on level 1 of the Elven Halls)

   It has been specially enchanted to freeze those struck by it, causing extra
   injury to most foes and up to half again as much damage against particularly
   susceptible opponents.
   It can also slow down cold-blooded creatures.
   It protects you from fire.
   It makes you more stealthy.
 L - a +4 broad axe of chopping (weapon)
 M - the +4 halberd "Sejekh" {flame, Dex+4 SInv}
   (You found it in the Desolation of Salt)

   It has been specially enchanted to burn those struck by it, causing extra
   injury to most foes and up to half again as much damage against particularly
   susceptible opponents.
   Big, fiery blades are also staple armaments of hydra-hunters.
   It affects your dexterity (+4).
   It lets you see invisible.
 X - a +4 executioner's axe of chopping
Missiles
 p - 56 tomahawks of returning (quivered)
 H - 16 javelins of penetration
 N - 8 steel javelins
Armour
 k - the +0 pair of boots of Icuceis (worn) {rPois rC+ Str+3}
   (You found it on level 5 of the Vaults)

   It affects your strength (+3).
   It protects you from cold.
   It protects you from poison.
 l - a +4 shield of protection (worn)
 z - the +4 dragonskin cloak
   (You took it off Tiamat on level 1 of the Realm of Zot)
 G - a scarf of repulsion
 P - the +1 cloak of the Good (worn) {MR- rCorr Str+6 Dex+2}
   (You found it on level 4 of the Shoals)

   It affects your strength (+6).
   It affects your dexterity (+2).
   It affects your resistance to hostile enchantments.
   It provides partial protection from all sources of acid and corrosion.
 V - a +2 helmet of see invisible (worn)
 Y - the +9 scales of the Dragon King (worn) {rPois rF+ rC+ MR+}
   (You found it in the Desolation of Salt)

   It protects you from fire.
   It protects you from cold.
   It protects you from poison.
   It affects your resistance to hostile enchantments.
 Z - a +2 pair of gloves of archery (worn)
Jewellery
 b - the ring of the Republic {MR++ Stlth+}
   (You found it in a treasure trove)

   [ring of stealth]

   It affects your resistance to hostile enchantments.
   It makes you more stealthy.
 c - the amulet "Saster" (around neck) {rF+ Regen+ Int+5 Slay+3}
   (You found it on level 5 of the Pits of Slime)

   [amulet of regeneration]

   It affects your intelligence (+5).
   It affects your accuracy and damage with ranged weapons and melee attacks
   (+3).
   It protects you from fire.
   It increases your rate of regeneration.
 d - the ring of the Four Seas (left hand) {rF+ rN+ MR+ Str-2 Dex+4}
   (You found it on level 3 of the Crypt)

   [ring of positive energy]

   It affects your strength (-2).
   It affects your dexterity (+4).
   It protects you from fire.
   It protects you from negative energy.
   It affects your resistance to hostile enchantments.
 n - the ring "Depic" {rN+ MR+ Str+3}
   (You found it on level 3 of the Crypt)

   [ring of positive energy]

   It affects your strength (+3).
   It protects you from negative energy.
   It affects your resistance to hostile enchantments.
 o - the ring "Zuck" (right hand) {Str+3 Int+3 Dex+5}
   (You acquired it on level 15 of the Dungeon)

   [ring of dexterity]

   It affects your strength (+3).
   It affects your intelligence (+3).
   It affects your dexterity (+5).
 x - the ring of the Distant Future {rF+ rC+ Str+2}
   (You found it in a treasure trove)

   [ring of protection from fire]

   It affects your strength (+2).
   It protects you from fire.
   It protects you from cold.
 Q - the amulet "Ybocrasi" {Spirit MP+9 Slay+2}
   (You took it off a deep elf mage on level 3 of the Elven Halls)

   [amulet of guardian spirit]

   It causes incoming damage to be split between your health and magic.
   It affects your accuracy and damage with ranged weapons and melee attacks
   (+2).
   It affects your magic capacity (+9).
Wands
 g - a wand of digging (14)
 r - a wand of clouds (19)
 s - a wand of disintegration (116)
 t - a wand of acid (54)
 v - a wand of iceblast (39)
 D - a wand of flame (54)
 K - a wand of scattershot (8)
 R - a wand of paralysis (12)
Scrolls
 e - 32 scrolls of identify
 j - 2 scrolls of magic mapping
 q - 24 scrolls of remove curse
 w - 5 scrolls of fear
 C - 9 scrolls of blinking
 E - 9 scrolls of teleportation
 T - a scroll of fog
 U - 2 scrolls of holy word
Potions
 f - 16 potions of heal wounds
 h - 24 potions of curing
 i - 7 potions of resistance
 B - 8 potions of agility
 F - 4 potions of magic
 I - 2 potions of might
 J - 6 potions of ambrosia
 O - a potion of invisibility
 S - a potion of cancellation
 W - a potion of mutation
Comestibles
 y - 96 rations


   Skills:
 - Level 21.6 Fighting
 - Level 23.7 Axes
   Level 0.7(17.5) Maces & Flails
 - Level 0.4(16.3) Polearms
 - Level 16.2 Throwing
 - Level 20.0 Armour
 - Level 13.4 Dodging
 - Level 7.1 Stealth
 - Level 13.9 Shields
 - Level 7.6 Spellcasting
   Level 2.5 Conjurations
 - Level 7.7 Charms
 - Level 7.0 Necromancy
 - Level 7.5 Translocations
   Level 1.6 Air Magic
 - Level 6.4 Poison Magic
 + Level 25.7 Invocations
 - Level 1.2 Evocations


You had 29 spell levels left.
You knew the following spells:

 Your Spells              Type           Power        Failure   Level  Hunger
b - Blink                 Tloc           N/A          1%          2    None
c - Animate Dead          Necr           N/A          8%          4    None
d - Song of Slaying       Chrm           ######..     1%          2    None
e - Olgreb's Toxic Radia  Pois           #####...     11%         4    None

Your spell library contained the following spells:

 Spells                   Type           Power        Failure   Level  Hunger
 Infusion                 Chrm           ####         1%          1    None
 Sting                    Conj/Pois      ####         1%          1    None
 Corpse Rot               Necr           N/A          1%          2    None
 Shroud of Golubria       Chrm/Tloc      ######....   1%          2    None
 Gell's Gravitas          Tloc           ######....   1%          3    None
 Lesser Beckoning         Tloc           ######....   1%          3    None
 Teleport Other           Tloc           ######..     1%          3    None
 Swiftness                Chrm/Air       #####...     3%          2    None
 Magic Dart               Conj           ###.         4%          1    None
 Poisonous Vapours        Pois/Air       ####..       4%          2    None
 Shock                    Conj/Air       ###.         6%          1    None
 Searing Ray              Conj           ###...       8%          2    None
 Flame Tongue             Conj/Fire      ###..        9%          1    None
 Ozocubu's Armour         Chrm/Ice       ####....     9%          3    None
 Recall                   Summ/Tloc      N/A          10%         3    None
 Mephitic Cloud           Conj/Pois/Air  ####....     11%         3    None
 Spider Form              Tmut/Pois      ####......   12%         3    None
 Throw Frost              Conj/Ice       ###...       13%         2    None
 Beastly Appendage        Tmut           ##....       16%         1    None
 Corona                   Hex            ##.....      16%         1    None
 Freeze                   Ice            ##..         16%         1    None
 Sandblast                Erth           ##....       16%         1    None
 Summon Butterflies       Summ           ##......     16%         1    None
 Summon Small Mammal      Summ           ##..         16%         1    None
 Ignite Poison            Fire/Tmut/Pois ###.....     19%         3    None
 Static Discharge         Conj/Air       ###.....     19%         3    None
 Force Lance              Conj/Tloc      #####...     19%         4    None
 Excruciating Wounds      Chrm/Necr      ######....   21%         5    ####...
 Call Imp                 Summ           ##......     24%         2    None
 Ensorcelled Hibernation  Hex/Ice        ##....       24%         2    None
 Passwall                 Tmut/Erth      ##......     24%         2    None
 Agony                    Necr           #####...     24%         5    ####...
 Dazzling Spray           Conj/Hex       ###...       28%         3    None
 Stone Arrow              Conj/Erth      ###...       28%         3    None
 Call Canine Familiar     Summ           ##......     45%         3    None
 Confuse                  Hex            ##......     45%         3    None
 Summon Guardian Golem    Hex/Summ       ##......     45%         3    None
 Tukima's Dance           Hex            ##......     45%         3    None
 Iskenderun's Battlesphe  Conj/Chrm      #####...     47%         5    ####...
 Iskenderun's Mystic Bla  Conj           ###.....     50%         4    None
 Bolt of Draining         Conj/Necr      #####.....   52%         5    ####...
 Venom Bolt               Conj/Pois      ####......   56%         5    ####...
 Airstrike                Air            ###.......   63%         4    None
 Fulminant Prism          Conj/Hex       ###.......   67%         4    None
 Sticky Flame             Conj/Fire      ###.....     67%         4    None
 Throw Icicle             Conj/Ice       ###.....     67%         4    None
 Summon Forest            Summ/Tloc      ####......   67%         5    ####...
 Borgnjor's Vile Clutch   Necr/Erth      ####......   71%         5    ####...
 Summon Lightning Spire   Summ/Air       ##......     75%         4    None
 Alistair's Intoxication  Tmut/Pois      ####....     77%         5    ####...
 Death Channel            Necr           #####.....   80%         6    #####..
 Cause Fear               Hex            ##........   86%         4    None
 Ice Form                 Ice/Tmut       ##......     86%         4    None
 Leda's Liquefaction      Hex/Erth       ##........   86%         4    None
 Petrify                  Tmut/Erth      ##......     86%         4    None
 Summon Ice Beast         Ice/Summ       ##......     86%         4    None
 Lightning Bolt           Conj/Air       ###.......   89%         5    ####...
 Fireball                 Conj/Fire      ###.......   95%         5    ####...
 Irradiate                Conj/Tmut      ###.......   95%         5    ####...
 Bolt of Magma            Conj/Fire/Erth ##........   97%         5    ####...
 Silence                  Hex/Air        ##........   98%         5    ####...
 Deflect Missiles         Chrm/Air       #####.....   98%         6    #####..
 Lee's Rapid Deconstruct  Erth           ##........   99%         5    ####...
 Metabolic Englaciation   Hex/Ice        ##........   99%         5    ####...
 Summon Demon             Summ           ##........   99%         5    ####...
 Summon Mana Viper        Hex/Summ       ##......     99%         5    ####...
 Yara's Violent Unravell  Hex/Tmut       ##........   99%         5    ####...
 Simulacrum               Ice/Necr       ####......   99%         6    #####..
 Bolt of Cold             Conj/Ice       ###.......   100%        6    #####..
 Bolt of Fire             Conj/Fire      ###.......   100%        6    #####..
 Conjure Ball Lightning   Conj/Air       ###.......   100%        6    #####..
 Darkness                 Hex            ##........   100%        6    #####..
 Freezing Cloud           Conj/Ice/Air   ###.......   100%        6    #####..
 Hydra Form               Tmut           ##........   100%        6    #####..
 Iron Shot                Conj/Erth      ###.......   100%        6    #####..
 Ozocubu's Refrigeration  Ice            ##........   100%        6    #####..
 Shadow Creatures         Summ           N/A          100%        6    #####..
 Dragon Form              Tmut           ##........   100%        7    #######
 Malign Gateway           Summ/Tloc      ####......   100%        7    #######
 Monstrous Menagerie      Summ           ##........   100%        7    #######
 Orb of Destruction       Conj           ###.......   100%        7    #######
 Ring of Flames           Chrm/Fire      ####......   100%        7    #######
 Spellforged Servitor     Conj/Summ      ###.......   100%        7    #######
 Summon Greater Demon     Summ           ##........   100%        7    #######
 Summon Hydra             Summ           ##........   100%        7    #######
 Discord                  Hex            ##........   100%        8    #######
 Ignition                 Fire           ##........   100%        8    #######
 Summon Horrible Things   Summ           ##........   100%        8    #######
 Dragon's Call            Summ           ##........   100%        9    #######
 Shatter                  Erth           ##........   100%        9    #######
 Tornado                  Air            ###.......   100%        9    #######
 Sublimation of Blood     Necr           Unusable     N/A         2    N/A
 Passage of Golubria      Tloc           Unusable     N/A         4    N/A
 Statue Form              Tmut/Erth      Unusable     N/A         6    N/A

Dungeon Overview and Level Annotations

Branches:
Dungeon (15/15)            Temple (1/1) D:7            Lair (6/6) D:9
 Shoals (4/4) Lair:3       Spider (4/4) Lair:4        Slime (5/5) Lair:6
    Orc (2/2) D:10            Elf (3/3) Orc:2        Vaults (5/5) D:13
  Crypt (3/3) Vaults:2       Tomb (0/3) Crypt:3      Depths (5/5) D:15
   Hell (1/1)                 Dis (1/7) Hell            Geh (1/7) Hell
    Coc (1/7) Hell            Tar (1/7) Hell            Zot (5/5) Depths:5

Altars:
Ashenzari
Cheibriados
Dithmenos
Elyvilon
Fedhas
Gozag
Hepliaklqana
Kikubaaqudgha
Makhleb
Nemelex Xobeh
Okawaru
Qazlal
Ru
Sif Muna
Trog
Uskayaw
Vehumet
Wu Jian
Xom
Yredelemnul
Zin
The Shining One
Beogh
Jiyva
Lugonu

Shops:
D:9 !   Orc:1 [   Orc:2 (:*[   Elf:1 ?   Elf:2 %

Portals:
Hell: Depths:1 Depths:2 Depths:3 Depths:4 Depths:5
Abyss: Depths:1 Depths:3 Depths:4
Pandemonium: Depths:2 Depths:3
Ziggurat: Depths:3


Innate Abilities, Weirdness & Mutations

You are resistant to torment.
Your stone body is resilient. (AC +20)
You are immune to poison.
Your large and strong wings let you fly indefinitely.
You resist negative energy. (rN+)
You are resistant to electric shocks. (rElec)
You can survive without breathing.
You are immune to petrification.
You are immune to rotting.
You can translocate small distances at will.
Scrolls take you a little longer to read.
Your flesh is cold resistant. (rC+)
Armour fits poorly on your strangely shaped body.
You are dopey. (Int -2)
Your magical capacity is low. (-10% MP)
You are resistant to hostile enchantments. (MR+)
Potions are less effective at restoring your health.
Your spells are a little easier to cast, but a little less powerful.
You expend magic power (3 MP) to strengthen your wands.


Message History

The sun demon is heavily wounded.
You hit the sun demon. You slash the sun demon!
You block the sun demon's attack. x2
You slice the sun demon!!
The sun demon is almost dead.
You slash the sun demon!
You kill the sun demon!
Cheibriados appreciates the change of pace.
You slash the sun demon! You block the sun demon's attack. x2
You hit the sun demon.
You kill the sun demon!
Cheibriados appreciates the change of pace.
You hit the sun demon but do no damage. You block the sun demon's attack.
You block the sun demon's attack. x2
You slice the sun demon!!
You kill the sun demon!
Cheibriados appreciates the change of pace.
You see here a +0 demon whip of electrocution.
There is a staircase leading out of the dungeon here.
You have escaped!

.##...#.#....#.....#>.#
.###.#§.≈§...≈.....#..#
.###....§§.⌠.≈....)######
.....#..≈....≈.....#....#
.#####..#....#.....####.#####
.# #.###≈≈###≈≈###........#
.#####.#.....#....#.###.###.#
.......#.....≈....≈.# #.# #.#
######.#.....≈.⌠@.≈.# #.# #.#
.......#.....≈....≈.# #.# #.#
.#####.#.....#....#.# #.# #.#
.# #.......##≈≈#'.# #.# #[#
.#####...#####......###.# #.#
.##....).# ####....##.# #.#
.##.#...## ######...#.###.#
.##...#.######......#.......#
.###.##........####...#)#####


There were no monsters in sight!

Vanquished Creatures
  the Royal Jelly (Slime:5)
  Khufu (Crypt:2)
  Tiamat (Zot:1)
  2 orbs of fire (Zot:5)
  An ancient lich (Zot:5)
  A juggernaut (Depths:4)
  A greater mummy (Crypt:2)
  Sojobo (Vaults:3)
  2 curse toes
  4 Killer Klowns
  Saint Roka (Vaults:4)
  Xtahua (Vaults:4)
  Geryon (Hell)
  Jory (Depths:3)
  A profane servitor (D:7)
  10 golden dragons
  the Enchantress (Depths:5)
  A Brimstone Fiend (D:9)
  The ghost of Lemic the Warrior, a veteran VSAs of Qazlal (Depths:1)
  Arachne (Spider:2)
  18 tentacled monstrosities
  The ghost of Graouh the Hoplite, an adept MiFi of Okawaru (Vaults:3)
  A shard shrike skeleton (Crypt:1)
  2 electric golems (Zot:2)
  24 Orb Guardians
  An Ice Fiend (IceCv)
  6 liches
  The ghost of Zeph the Severer, an adept NaFi of Cheibriados (Depths:2)
  Asterion (Vaults:2)
  6 quicksilver dragons
  A deep elf blademaster (Elf:3)
  A deep elf master archer (Elf:3)
  The ghost of Vuykkinei the Brawler, an adept TrBe of Trog (Spider:2)
  7 titans
  The ghost of Beorghan the Bludgeoner, an adept MiBe of Trog (Spider:2)
  3 ancient champions
  The ghost of Timpihef the Spry, an adept OpAK of Lugonu (Elf:1)
  8 death cobs
  8 sphinxes
  36 acid blobs
  An Executioner (D:15)
  7 tengu reavers
  3 krakens
  8 draconian monks
  Ilsuiw (Shoals:2)
  Frances (D:13)
  15 storm dragons
  A tentacled starspawn (Abyss:3)
  3 revenants (Crypt:3)
  13 shadow dragons
  13 fire giants
  17 azure jellies
  3 iron dragons
  11 draconian knights
  15 vault wardens
  5 deep elf sorcerers
  6 frost giants
  2 imperial myrmidons (Desolation)
  4 draconian scorchers
  3 balrugs
  8 draconian shifters
  3 emperor scorpions
  10 ghost moths
  A curse skull (Crypt:3)
  2 orc warlords (Vaults:3)
  3 draconian stormcallers
  7 deep elf elementalists
  6 draconian annihilators
  16 ironheart preservers
  5 spriggan defenders
  4 reapers
  10 ghouls
  18 stone giants
  3 war gargoyles
  10 vampire knights
  19 very ugly things
  13 black draconians
  Azrael (D:12)
  12 white draconians
  The ghost of Bolunijamo the Blocker, a journeyman GnFi of Okawaru (Lair:5)
  7 dire elephants
  12 green draconians
  15 red draconians
  9 deep elf annihilators
  14 purple draconians
  12 spark wasps
  7 deep elf demonologists
  The ghost of Lanoc the Basher, a journeyman TrCK of Xom (D:14)
  5 eidola
  7 yellow draconians
  3 blizzard demons
  3 merfolk javelineers
  9 deep elf death magi
  3 crystal guardians (Desolation)
  Josephine (Orc:2)
  6 merfolk impalers
  13 yaktaur captains
  11 jiangshi
  5 ragged hierophants (Desolation)
  11 ettins
  19 death oozes
  16 fire dragons
  A kraken zombie (Hell)
  33 vault guards
  Fannar (Lair:3)
  4 deep elf high priests
  Harold (D:9)
  3 rakshasas
  14 ice dragons
  6 servants of whispers (Desolation)
  Erolcha (Orc:2)
  11 great orbs of eyes
  A catoblepas (D:14)
  6 merfolk avatars
  7 spriggan air magi
  4 hydras
  An anaconda (Lair:6)
  2 alligator snapping turtles
  4 peacekeepers (Desolation)
  A death knight (Vaults:4)
  9 centaur warriors
  9 vampire magi
  6 tengu warriors
  8 death yaks
  13 ogre magi
  6 deep troll shamans
  4 small abominations
  5 merfolk aquamancers
  2 spectral fire giants (Crypt:3)
  38 two-headed ogres
  29 dancing weapons
  15 hell hogs
  2 spriggan berserkers (Depths:5)
  2 thrashing horrors (Abyss:3)
  7 orc high priests
  14 sun demons
  2 iron golems
  11 deep troll earth magi
  24 deep elf knights
  3 iron trolls
  5 spriggans (Depths:5)
  Nergalle (Orc:1)
  11 soul eaters
  20 shadow wraiths
  29 skeletal warriors
  3 wretched stars (Abyss:3)
  A salamander mystic (Depths:4)
  5 unseen horrors
  An anaconda zombie (Hell)
  A spectral emperor scorpion (Crypt:3)
  7 glowing orange brains
  5 wizards
  6 spatial maelstroms
  A shadow demon (Abyss:3)
  14 sea snakes
  A spark wasp zombie (Depths:2)
  2 golden dragon zombies
  10 flayed ghosts
  A storm dragon skeleton (Depths:2)
  3 hell knights (Depths:5)
  27 deep trolls
  18 deep elf archers
  23 ironbrand convokers
  A deep troll (shapeshifter) (Vaults:5)
  29 harpies
  An obsidian statue (D:12)
  A wolf spider zombie (Crypt:1)
  33 phantasmal warriors
  12 necromancers
  2 anaconda skeletons
  3 iron dragon zombies
  17 orc knights
  4 orc sorcerers
  A mana viper (shapeshifter) (Depths:4)
  13 orb spiders
  11 manticores
  78 deep elf magi
  2 cyclopes (shapeshifter)
  A shadow dragon skeleton (Crypt:1)
  9 salamanders
  2 frost giant zombies
  14 cyclopes
  53 ugly things
  23 moths of wrath
  5 fauns
  7 elephants (Lair:6)
  2 stone giant zombies (Hell)
  A fire giant zombie (Depths:2)
  36 wolf spiders
  10 shining eyes
  A sphinx skeleton (Vaults:3)
  A moth of wrath (shapeshifter) (Vaults:5)
  A stone giant skeleton (Crypt:2)
  7 ice statues
  An elephant (shapeshifter) (Vaults:4)
  A worldbinder (Abyss:3)
  12 vault sentinels
  7 merfolk sirens
  A frost giant skeleton (Crypt:2)
  A guardian serpent (shapeshifter) (Vaults:4)
  10 rust devils
  6 eyes of devastation
  2 fire giant skeletons (Crypt:1)
  5 black mambas
  5 guardian serpents (Desolation)
  3 smoke demons
  2 torpor snails
  A gargoyle (D:13)
  2 molten gargoyles (Desolation)
  2 rime drakes (shapeshifter)
  3 water nymphs
  An alligator snapping turtle zombie (Crypt:3)
  An orange demon (Hell)
  An emperor scorpion zombie (Crypt:1)
  A dire elephant skeleton (Crypt:2)
  7 spiny frogs
  3 hellions
  An efreet (D:13)
  2 kobold demonologists
  7 rime drakes
  An elf zombie (Vaults:5)
  10 freezing wraiths
  9 komodo dragons
  2 tormentors
  3 anaconda simulacra
  21 demonic crawlers
  A yaktaur (shapeshifter) (Depths:2)
  A guardian mummy (Crypt:3)
  A white draconian zombie (Crypt:2)
  A queen ant zombie (Crypt:2)
  A white draconian skeleton (Crypt:1)
  2 green draconian skeletons
  2 yaktaur zombies (Vaults:5)
  5 hellwings
  A pale draconian skeleton (Crypt:3)
  31 yaktaurs
  15 ice devils
  25 jumping spiders
  8 tengu conjurers
  2 catoblepas skeletons (Crypt:1)
  7 trolls
  2 polar bears
  A golden dragon simulacrum (IceCv)
  A meliai (shapeshifter) (Depths:4)
  A purple draconian skeleton (Crypt:2)
  7 red devils
  A hydra zombie (Hell)
  A jumping spider (shapeshifter) (Depths:4)
  19 merfolk
  A queen bee (D:14)
  A hornet (shapeshifter) (Vaults:3)
  6 meliai
  6 wind drakes
  A tengu simulacrum (Depths:2)
  12 snapping turtles
  18 hornets
  131 slime creatures
  2 queen bees (shapeshifter)
  11 blink frogs
  A moth of wrath zombie (Crypt:3)
  A jumping spider zombie (Crypt:2)
  A hydra skeleton (Crypt:2)
  2 bog bodies (Crypt:1)
  8 dream sheep
  4 hippogriffs (shapeshifter)
  14 raiju
  2 alligator zombies
  3 dream sheep (shapeshifter)
  32 hippogriffs
  46 saltlings (Desolation)
  2 stone giant simulacra (Crypt:2)
  An ettin zombie (Crypt:2)
  A fire giant simulacrum (Vaults:3)
  A frost giant simulacrum (Crypt:2)
  A fire dragon zombie (Crypt:2)
  9 water elementals
  4 air elementals
  A tarantella (shapeshifter) (Depths:4)
  2 fire dragon skeletons
  77 redbacks
  2 alligator skeletons (Hell)
  9 flying skulls (Crypt:3)
  A spriggan (shapeshifter) (D:15)
  16 shadows
  2 vampires (D:13)
  A ynoxinul (D:15)
  Sigmund (D:2)
  A dire elephant simulacrum (IceCv)
  23 tarantellas
  27 wraiths
  7 wyverns
  19 yaks
  2 fire bats (Abyss:3)
  13 fire elementals
  4 basilisks (shapeshifter)
  A human simulacrum (Vaults:2)
  9 basilisks
  2 humans (shapeshifter)
  2 neqoxecs
  The ghost of tv1990 the Bolt Thrower, an amateur FoHu (D:4)
  16 vampire mosquitoes
  2 chaos spawn (Depths:4)
  9 hungry ghosts
  6 wargs
  A harpy simulacrum (IceCv)
  2 two-headed ogre zombies (D:10)
  A naga (shapeshifter) (Vaults:2)
  8 spatial vortices (Abyss:3)
  11 large abominations
  An acid dragon (D:13)
  A soldier ant (D:14)
  2 spiny frog zombies (Hell)
  8 hydra simulacra
  A floating eye (shapeshifter) (Vaults:5)
  19 hell hounds
  10 water moccasins
  2 floating eyes (Depths:4)
  14 porcupines
  9 ice beasts
  Purgy (D:3)
  2 sky beasts
  39 orc warriors
  A snapping turtle zombie (Crypt:3)
  An alligator simulacrum (Hell)
  An eye of draining (shapeshifter) (Vaults:4)
  A manticore zombie (Hell)
  A hornet zombie (D:11)
  3 black bears
  6 phantoms
  5 necrophages
  36 centaurs
  10 eyes of draining
  44 ogres
  A spiny frog skeleton (Crypt:1)
  An ogre (shapeshifter) (Vaults:4)
  17 boggarts
  A dream sheep skeleton (Crypt:1)
  An elephant zombie (Crypt:2)
  A blink frog skeleton (Crypt:3)
  A manticore skeleton (Crypt:1)
  10 crocodiles
  A swamp dragon skeleton (Crypt:2)
  2 human skeletons (Vaults:3)
  A big kobold (shapeshifter) (Vaults:2)
  3 big kobolds
  21 bullfrogs
  A wyvern zombie (D:13)
  A komodo dragon skeleton (Crypt:3)
  5 earth elementals
  A hippogriff skeleton (Crypt:2)
  5 scorpions
  5 troll zombies
  A warg skeleton (Crypt:2)
  22 killer bees
  6 wights
  3 howler monkeys
  3 electric eels
  3 bullfrog zombies
  6 crimson imps
  2 quasits
  5 centaur zombies
  3 jellies
  25 orc priests
  4 hounds
  An iron imp (Abyss:4)
  29 orc wizards
  Terence (D:3)
  2 bullfrog skeletons
  4 centaur skeletons
  6 iguanas
  Ijyb (D:3)
  Natasha (thrice) (D:4)
  21 worker ants
  A tengu zombie (Crypt:2)
  4 ogre zombies (D:10)
  A crocodile skeleton (Crypt:1)
  A hound zombie (D:9)
  2 hound skeletons
  15 mummies
  A howler monkey zombie (D:8)
  2 worker ant zombies
  4 gnolls
  19 adders
  A river rat (D:4)
  A swamp drake skeleton (Crypt:1)
  2 shadow imps
  3 white imps
  2 oozes
  A halfling zombie (Crypt:3)
  An iguana zombie (Crypt:3)
  3 adder zombies
  A worm (shapeshifter) (Elf:3)
  6 worms
  A dart slug (D:2)
  9 leopard geckos
  96 orcs
  13 bats
  11 giant cockroaches
  17 goblins
  7 hobgoblins
  9 jackals
  10 quokkas
  10 ball pythons
  7 frilled lizards
  A frilled lizard skeleton (Crypt:3)
  2 goblin skeletons (D:10)
  4 goblin zombies
  2 hobgoblin skeletons (D:10)
  A jackal zombie (D:5)
  29 kobolds
  A leopard gecko skeleton (D:8)
  A leopard gecko zombie (D:9)
  4 orc skeletons (D:10)
  14 orc zombies (D:10)
  10 rats
  A bush (Abyss:4)
  2 butterflies (Lair:5)
  9 crawling corpses
  3 demonic plants (Abyss:4)
  6 fungi
  24 plants
  A starspawn tentacle (Abyss:3)
  10 tentacles
3226 creatures vanquished.

Vanquished Creatures (collateral kills)
  A golden dragon (Zot:5)
1 creature vanquished.

Vanquished Creatures (others)
  A deep elf master archer (Elf:3)
  A titan (Vaults:5)
  A deep elf blademaster (Elf:3)
  A fire giant (Depths:4)
  2 vault wardens (Vaults:5)
  2 war gargoyles
  A yellow draconian (Depths:5)
  A merfolk javelineer (Shoals:4)
  An ice dragon (Depths:1)
  A dancing weapon (Elf:1)
  A hell hog (Hell)
  2 deep elf knights
  A shadow wraith (D:9)
  2 deep elf archers (Elf:1)
  A harpy (Shoals:3)
  3 deep elf magi
  An ugly thing (Depths:2)
  A water elemental (Elf:3)
  An orc warrior (Vaults:4)
  A bush (Lair:5)
  8 fungi
  13 plants
  2 starspawn tentacles (Abyss:3)
  26 tentacles
75 creatures vanquished.

Grand Total: 3302 creatures vanquished

Notes
Turn   | Place    | Note
-------+----------+-------------------------------------------
     0 | D:1      | dvd the Gargoyle Monk began the quest for the Orb.
     0 | D:1      | Reached XP level 1. HP: 14/14 MP: 1/1
    82 | D:1      | Reached XP level 2. HP: 7/19 MP: 2/2
   659 | D:1      | Reached XP level 3. HP: 23/23 MP: 3/3
  1373 | D:2      | Reached XP level 4. HP: 29/29 MP: 4/4
  1872 | D:2      | Noticed a big kobold
  1886 | D:2      | Killed a big kobold
  1886 | D:2      | Reached XP level 5. HP: 29/33 MP: 5/5
  1958 | D:2      | Noticed Sigmund
  1973 | D:2      | Killed Sigmund
  1973 | D:2      | Reached XP level 6. HP: 38/38 MP: 6/6
  2093 | D:3      | Noticed Terence
  2111 | D:3      | Killed Terence
  2242 | D:3      | Reached skill level 5 in Axes
  2246 | D:3      | Noticed Purgy
  2288 | D:4      | Found a glowing drain.
  2334 | Sewer    | Entered a sewer
  2598 | Sewer    | Reached XP level 7. HP: 25/44 MP: 7/7
  2749 | Sewer    | Reached skill level 1 in Armour
  3100 | D:4      | Noticed a hungry ghost
  3101 | D:4      | Found a runed translucent gate.
  3101 | D:4      | Found a runed translucent gate.
  3101 | D:4      | Found an opulent altar of Gozag.
  3101 | D:4      | Found a runed translucent gate.
  3102 | D:4      | Noticed tv1990's ghost (amateur FoHu)
  3177 | D:4      | Noticed Natasha
  3188 | D:4      | Killed Natasha
  3589 | D:4      | Found an ancient bone altar of Kikubaaqudgha.
  3750 | D:5      | Entered Level 5 of the Dungeon
  3801 | D:5      | Reached XP level 8. HP: 48/48 MP: 8/8
  4800 | D:6      | Reached skill level 5 in Fighting
  5513 | D:7      | Noticed a hippogriff
  5522 | D:7      | Killed a hippogriff
  5660 | D:7      | Reached XP level 9. HP: 51/54 MP: 9/9
  5693 | D:7      | Found a staircase to the Ecumenical Temple.
  5709 | Temple   | Entered the Ecumenical Temple
  5921 | Temple   | Became a worshipper of Cheibriados the Contemplative
  5921 | Temple   | Reached * piety under Cheibriados
  5921 | Temple   | Reached ** piety under Cheibriados
  6476 | D:4      | Noticed Natasha
  6483 | D:4      | Killed Natasha
  6491 | D:4      | Noticed Natasha
  6496 | D:4      | Killed Natasha
  6585 | D:3      | Killed Purgy
  6585 | D:3      | Reached skill level 5 in Armour
  6819 | D:3      | Found a deep blue altar of Sif Muna.
  7144 | D:3      | Noticed Ijyb
  7159 | D:3      | Killed Ijyb
  7459 | D:8      | Reached *** piety under Cheibriados
  7463 | D:8      | Reached skill level 1 in Throwing
  7590 | D:8      | Reached skill level 1 in Shields
  7602 | D:8      | Noticed a two-headed ogre
  7603 | D:8      | Noticed a tengu conjurer
  7607 | D:8      | Noticed a cyclops
  7609 | D:8      | Noticed a cyclops
  7634 | D:8      | Killed a two-headed ogre
  7634 | D:8      | Reached XP level 10. HP: 42/61 MP: 8/10
  7650 | D:8      | Killed a cyclops
  7659 | D:8      | Killed a cyclops
  7669 | D:8      | Reached skill level 5 in Dodging
  7694 | D:8      | Reached **** piety under Cheibriados
  7899 | D:8      | Noticed a two-headed ogre
  7911 | D:8      | HP: 3/61 [two-headed ogre/+0 giant club (18)]
  7914 | D:8      | Killed a two-headed ogre
  8045 | D:8      | Identified the Grimoire of Ashen Fire
  8046 | D:8      | Identified Sif Muna's Grimoire of Envenoming and Flight
  8131 | D:8      | Reached skill level 10 in Axes
  8152 | D:8      | Learned a level 1 spell: Shock
  8154 | D:8      | Learned a level 1 spell: Sting
  8357 | D:8      | Reached XP level 11. HP: 67/67 MP: 9/11
  9142 | D:9      | Noticed Harold
  9148 | D:9      | Learned a level 2 spell: Poisonous Vapours
  9174 | D:9      | Reached skill level 1 in Invocations
  9183 | D:9      | Killed Harold
  9183 | D:9      | Reached skill level 2 in Invocations
  9189 | D:9      | Noticed a two-headed ogre
  9205 | D:9      | Killed a two-headed ogre
  9205 | D:9      | Reached skill level 1 in Spellcasting
  9205 | D:9      | Reached skill level 1 in Conjurations
  9215 | D:9      | Reached ***** piety under Cheibriados
  9467 | D:9      | Found a staircase to the Lair.
  9497 | D:9      | Reached skill level 3 in Invocations
  9559 | D:9      | Noticed a purple ugly thing
  9566 | D:9      | Killed a purple ugly thing
  9654 | D:9      | Noticed a yaktaur captain
  9654 | D:9      | Noticed a centaur warrior
  9655 | D:9      | Killed a shadow wraith
  9664 | D:9      | Killed a centaur warrior
  9664 | D:9      | Reached skill level 4 in Invocations
  9668 | D:9      | Killed a yaktaur captain
  9946 | D:9      | Identified the Incunabulum of Augmentations
 10163 | D:9      | Found Otisogg's Distillery.
 10167 | D:9      | Bought a potion of curing for 42 gold pieces
 10167 | D:9      | Bought a potion of curing for 42 gold pieces
 10167 | D:9      | Bought a potion of curing for 42 gold pieces
 10167 | D:9      | Bought a potion of curing for 42 gold pieces
 10167 | D:9      | Bought a potion of curing for 42 gold pieces
 10167 | D:9      | Bought a potion of curing for 42 gold pieces
 10167 | D:9      | Bought a potion of heal wounds for 70 gold pieces
 10167 | D:9      | Bought a potion of curing for 42 gold pieces
 10167 | D:9      | Bought a potion of heal wounds for 70 gold pieces
 10666 | D:9      | Reached XP level 12. HP: 74/74 MP: 15/15
 10670 | D:9      | Learned a level 2 spell: Song of Slaying
 10731 | D:10     | Entered Level 10 of the Dungeon
 10852 | D:10     | Reached ****** piety under Cheibriados
 10861 | D:10     | Reached skill level 5 in Invocations
 10907 | D:10     | Found a staircase to the Orcish Mines.
 11234 | D:10     | Reached skill level 1 in Charms
 11254 | D:10     | Found a portal to a secret trove of treasure.
 11760 | D:4      | Killed tv1990's ghost
 11954 | Lair:1   | Entered Level 1 of the Lair of Beasts
 12019 | Lair:1   | Reached skill level 6 in Invocations
 12930 | Lair:2   | Gained mutation: Your large and strong wings let you fly
                  | indefinitely. [potion of mutation]
 12930 | Lair:2   | Gained mutation: You are resistant to hostile enchantments.
                  | (MR+) [potion of mutation]
 13874 | Lair:3   | Found a staircase to the Shoals.
 13974 | Lair:3   | Noticed Fannar
 13992 | Lair:3   | Killed Fannar
 13992 | Lair:3   | Reached skill level 5 in Throwing
 13992 | Lair:3   | Reached skill level 5 in Stealth
 13992 | Lair:3   | Reached skill level 7 in Invocations
 14154 | Lair:4   | Reached XP level 13. HP: 80/80 MP: 18/18
 14454 | Lair:4   | Found a hole to the Spider Nest.
 14548 | Lair:4   | Reached skill level 1 in Air Magic
 14548 | Lair:4   | Reached skill level 8 in Invocations
 15119 | Lair:5   | Found a runed translucent door.
 15119 | Lair:5   | Noticed Bolunijamo's ghost (journeyman GnFi)
 15324 | Lair:5   | Reached skill level 10 in Fighting
 15894 | Lair:5   | Killed Bolunijamo's ghost
 15894 | Lair:5   | Reached skill level 9 in Invocations
 16110 | Lair:6   | Entered Level 6 of the Lair of Beasts
 16236 | Lair:6   | Mutation became permanent: Your large and strong wings let
                  | you fly indefinitely. [Gargoyle growth]
 16236 | Lair:6   | Gained mutation: Your large and strong wings let you fly
                  | indefinitely. [Gargoyle growth]
 16236 | Lair:6   | Reached XP level 14. HP: 88/88 MP: 20/20
 16430 | Lair:6   | Found a staircase to the Slime Pits.
 16430 | Lair:6   | Found a viscous altar of Jiyva.
 17284 | Lair:6   | Noticed a dire elephant
 17299 | Lair:6   | Killed a dire elephant
 17416 | Lair:6   | Noticed a dire elephant
 17416 | Lair:6   | Noticed a dire elephant
 17429 | Lair:6   | Killed a dire elephant
 17439 | Lair:6   | Killed a dire elephant
 17655 | Lair:6   | Identified the Disquisition on Burning Dark Magic
 17662 | Lair:6   | Got a fine halberd
 17663 | Lair:6   | Identified the +5 halberd "Laacuq" {venom, +Rage Str+4
                  | Dex+3} (You found it on level 6 of the Lair of Beasts)
 17702 | Lair:6   | Noticed a dire elephant
 17714 | Lair:6   | Killed a dire elephant
 17714 | Lair:6   | Reached skill level 10 in Invocations
 17723 | Lair:6   | Noticed a dire elephant
 17739 | Lair:6   | Killed a dire elephant
 17744 | Lair:6   | Noticed a dire elephant
 17761 | Lair:6   | Killed a dire elephant
 17957 | Orc:1    | Entered Level 1 of the Orcish Mines
 17966 | Orc:1    | You are sucked into a shaft!
 17966 | Orc:2    | Entered Level 2 of the Orcish Mines
 18057 | Orc:2    | Paralysed by an orc sorcerer for 5 turns
 18078 | Orc:2    | Found a staircase to the Elven Halls.
 18176 | Orc:2    | Noticed Josephine
 18185 | Orc:2    | Killed Josephine
 18234 | Orc:2    | Found a dark tunnel.
 18244 | Volcano  | Entered a volcano
 18294 | Volcano  | Reached XP level 15. HP: 94/94 MP: 22/22
 18432 | Orc:2    | Found Higoeklo's Weapon Shop.
 18432 | Orc:2    | Found Geehiz's Book Shoppe.
 18436 | Orc:2    | Found Xogip's General Store.
 18436 | Orc:2    | Found Yponius's Antique Armour Shoppe.
 18449 | Orc:2    | Bought a glowing scarf for 216 gold pieces
 18469 | Orc:2    | Bought a runed buckler for 202 gold pieces
 18842 | Orc:2    | Noticed Erolcha
 18849 | Orc:2    | Killed Erolcha
 18849 | Orc:2    | Reached skill level 1 in Evocations
 18947 | Orc:1    | Noticed Nergalle
 19211 | Orc:1    | Killed Nergalle
 19265 | Orc:1    | Found Hoirph's Armour Shop.
 19378 | Orc:1    | Found a roughly hewn altar of Beogh.
 19573 | D:11     | Found a flagged portal.
 19605 | Bailey   | Entered a bailey
 19997 | D:11     | Reached skill level 15 in Axes
 20121 | D:11     | Found an opulent altar of Gozag.
 20588 | Orc:2    | Bought the +2 scale mail "Kebos" {rPois Regen+} for 352
                  | gold pieces
 21171 | D:12     | Got a crude falchion
 21511 | D:12     | Noticed Azrael
 21522 | D:12     | Killed Azrael
 21910 | D:13     | Reached skill level 10 in Armour
 22110 | D:13     | Found a gate to the Vaults.
 22197 | D:13     | Reached skill level 11 in Invocations
 22319 | D:13     | Identified the +6 falchion of Dismay {venom, rF+ Stlth+}
                  | (You found it on level 12 of the Dungeon)
 22361 | D:13     | Noticed Frances
 22372 | D:13     | Killed Frances
 22480 | D:13     | Found an opulent altar of Gozag.
 22975 | Orc:2    | Bought a shiny helmet for 202 gold pieces
 22999 | Orc:2    | Bought a fine leather armour for 189 gold pieces
 23009 | Orc:2    | Identified the +1 leather armour "Gefaxuus" {Int+3 Dex-4
                  | Stlth+} (You bought it in a shop on level 2 of the Orcish
                  | Mines)
 23402 | D:14     | Found a transporter.
 23402 | D:14     | Noticed Lanoc's ghost (journeyman TrCK)
 23406 | D:14     | Found a transporter.
 23711 | D:14     | Reached XP level 16. HP: 92/101 MP: 24/24
 24139 | D:14     | Killed Lanoc's ghost
 24209 | D:15     | Entered Level 15 of the Dungeon
 24354 | D:15     | Identified a scroll of acquirement
 24355 | D:15     | Got a shimmering lead ring
 24357 | D:15     | Identified the ring "Zuck" {Str+3 Int+3 Dex+5} (You
                  | acquired it on level 15 of the Dungeon)
 24497 | D:15     | Found a staircase to the Depths.
 25090 | Spider:1 | Entered Level 1 of the Spider Nest
 25093 | Spider:1 | Reached skill level 1 in Poison Magic
 25103 | Spider:1 | Reached skill level 12 in Invocations
 25394 | Spider:1 | Learned a level 4 spell: Olgreb's Toxic Radiance
 25929 | Spider:2 | You are sucked into a shaft!
 26327 | Spider:2 | Reached XP level 17. HP: 100/108 MP: 22/26
 26340 | Spider:2 | Noticed Arachne
 26354 | Spider:2 | Killed Arachne
 26810 | Spider:2 | Found a runed translucent gate.
 26811 | Spider:2 | Found a runed translucent gate.
 26812 | Spider:2 | Found a runed translucent gate.
 26844 | Spider:2 | Noticed Vuykkinei's ghost (adept TrBe)
 26844 | Spider:2 | Noticed Beorghan's ghost (adept MiBe)
 26865 | Spider:2 | Killed Vuykkinei's ghost
 26881 | Spider:2 | Killed Beorghan's ghost
 27271 | Spider:4 | Entered Level 4 of the Spider Nest
 27544 | Spider:4 | Reached skill level 13 in Invocations
 27694 | Spider:4 | Reached skill level 5 in Poison Magic
 28238 | Spider:4 | Got a gossamer rune of Zot
 28423 | Shoals:1 | Entered Level 1 of the Shoals
 28524 | Shoals:1 | Noticed a kraken
 28573 | Shoals:1 | Reached skill level 5 in Shields
 28674 | Shoals:1 | Reached XP level 18. HP: 114/114 MP: 27/27
 28833 | Shoals:1 | Reached skill level 5 in Spellcasting
 29430 | Shoals:2 | Noticed Ilsuiw
 29464 | Shoals:2 | Killed Ilsuiw
 30353 | Shoals:3 | Found a frozen archway.
 30374 | IceCv    | Entered an ice cave
 30775 | IceCv    | Noticed an Ice Fiend
 30782 | IceCv    | Killed an Ice Fiend
 31734 | Shoals:4 | Entered Level 4 of the Shoals
 31835 | Shoals:4 | Reached skill level 10 in Dodging
 31889 | Shoals:4 | Got a barnacled rune of Zot
 31967 | Shoals:4 | Got a jewelled cloak
 31978 | Shoals:4 | Identified the +1 cloak of the Good {MR- rCorr Str+6 Dex+2}
                  | (You found it on level 4 of the Shoals)
 32065 | Shoals:4 | Reached XP level 19. HP: 82/120 MP: 29/29
 32065 | Shoals:4 | Reached skill level 14 in Invocations
 32197 | Shoals:4 | Identified the Collected Works on Nocuous Lightness
 32415 | Shoals:4 | Got a slimy mace
 32416 | Shoals:4 | Identified the +6 mace "Orrycije" {crush, -Tele rPois Str-2
                  | Dex+3} (You found it on level 4 of the Shoals)
 32927 | Elf:1    | Entered Level 1 of the Elven Halls
 33532 | Elf:1    | Found a runed translucent gate.
 33533 | Elf:1    | Found a runed translucent gate.
 33534 | Elf:1    | Found a runed translucent gate.
 33535 | Elf:1    | Noticed Timpihef's ghost (adept OpAK)
 33539 | Elf:1    | Found Luatarir's Magic Scroll Shop.
 33575 | Elf:1    | Cast into level 3 of the Abyss (Timpihef's ghost)
 33641 | Abyss:4  | Found a radiant altar of Vehumet.
 33657 | Elf:1    | Escaped the Abyss
 33668 | Elf:1    | Got a crude battleaxe
 33690 | Elf:1    | Killed Timpihef's ghost
 33696 | Elf:1    | Identified Sif Muna's Almanac of Clay and Shape Shifting
 33965 | Elf:1    | Cast into level 3 of the Abyss (a deep elf sorcerer)
 33965 | Abyss:3  | Found a corrupted altar of Lugonu.
 33976 | Abyss:3  | Identified the +7 battleaxe of Generosity {freeze, rF+
                  | Stlth+} (You found it on level 1 of the Elven Halls)
 34104 | Abyss:3  | Got an abyssal rune of Zot
 34361 | Elf:1    | Escaped the Abyss
 34409 | Elf:1    | Identified the Volume of the Escort
 34907 | Elf:2    | Found Waaqeed's Food Shoppe.
 35024 | Elf:2    | Reached XP level 20. HP: 107/128 MP: 31/31
 35034 | Elf:2    | Got a twitching jade ring
 35036 | Elf:2    | Identified the ring of Tusu {Wiz +Inv rF+++ Int+4 Dex-2}
                  | (You acquired it on level 2 of the Elven Halls)
 35441 | Elf:2    | Reached skill level 15 in Invocations
 35768 | Elf:2    | Found a runed translucent gate.
 35768 | Elf:2    | Found a runed translucent gate.
 35770 | Elf:2    | Found a runed translucent gate.
 36277 | Elf:3    | Entered Level 3 of the Elven Halls
 36424 | Elf:3    | Reached skill level 15 in Fighting
 36434 | Elf:3    | Reached skill level 16 in Invocations
 36766 | Elf:3    | Identified the amulet "Ybocrasi" {Spirit MP+9 Slay+2}
 36870 | Elf:3    | Reached XP level 21. HP: 117/134 MP: 23/33
 36891 | Elf:3    | Identified the +7 shortbow of Visipato {venom, *Slow +Blink
                  | rElec rC+ MR+}
 36979 | Elf:3    | Identified the amulet of Tomorrow {Inacc Dex+6} (You found
                  | it on level 3 of the Elven Halls)
 36987 | Elf:3    | Identified the +7 chain mail of Unkiesm {-Cast +Blink rPois
                  | Dex-3} (You found it on level 3 of the Elven Halls)
 36989 | Elf:3    | Identified the +3 plate armour of Hetras {+Inv rPois rN++
                  | MR-} (You found it on level 3 of the Elven Halls)
 36994 | Elf:3    | Identified the Guide on Supportive Snow
 37031 | Elf:3    | Identified Sif Muna's Collected Works on Clay
 37200 | Elf:3    | Identified the amulet "Xugev" {Faith -Tele MR+ Str+2 Int+3}
 37592 | Vaults:1 | Entered Level 1 of the Vaults
 37617 | Vaults:1 | Reached skill level 10 in Shields
 37964 | Vaults:1 | You are sucked into a shaft!
 38015 | Vaults:2 | Noticed Asterion
 38035 | Vaults:2 | Killed Asterion
 38124 | Vaults:2 | Found a ruined gateway.
 38144 | Desolati | Entered the Desolation of Salt
 38417 | Desolati | Got a blackened cloak
 38428 | Desolati | Identified the cursed -2 cloak "Kupaalik" {SInv} (You found
                  | it in the Desolation of Salt)
 38452 | Desolati | Got a steaming hand axe
 38453 | Desolati | Identified the +7 hand axe of Qeiteacu {chop, rN+} (You
                  | found it in the Desolation of Salt)
 38457 | Desolati | Identified the +4 leather armour "Vuwneh" {MR+ Stlth+} (You
                  | found it in the Desolation of Salt)
 38504 | Desolati | Found the +9 scales of the Dragon King {rPois rF+ rC+ MR+}
 38519 | Desolati | Got a bound pewter ring
 38521 | Desolati | Identified the ring of Sedaupass {*Corrode +Blink EV+1
                  | Str+10} (You found it in the Desolation of Salt)
 38763 | Desolati | Identified the amulet "Ritalecaca" {rC+ Regen+ Int+3
                  | Stlth+} (You found it in the Desolation of Salt)
 38790 | Desolati | Identified the Tome of the Feathery Traveller
 38808 | Desolati | Identified the Grimoire of the Mountains and Air
 38824 | Desolati | Identified the +4 halberd "Sejekh" {flame, Dex+4 SInv} (You
                  | found it in the Desolation of Salt)
 38831 | Desolati | Identified the +3 chain mail of Curiosity {Int+3 Slay+4}
                  | (You found it in the Desolation of Salt)
 39191 | Vaults:2 | Learned a level 2 spell: Blink
 39651 | Vaults:2 | Found a staircase to the Crypt.
 39651 | Vaults:2 | Found a basalt altar of Yredelemnul.
 39652 | Vaults:2 | Found an ancient bone altar of Kikubaaqudgha.
 39726 | Vaults:2 | Reached XP level 22. HP: 141/142 MP: 34/34
 39929 | Vaults:3 | Noticed Sojobo
 39953 | Vaults:3 | Reached skill level 17 in Invocations
 39956 | Vaults:3 | Killed Sojobo
 40472 | Vaults:3 | Found a runed translucent gate.
 40472 | Vaults:3 | Noticed Graouh's ghost (adept MiFi)
 40472 | Vaults:3 | Identified the +4 glaive "Imebuqock" {speed, +Rage rF+ MR-
                  | SInv}
 40473 | Vaults:3 | Found a runed translucent gate.
 40473 | Vaults:3 | Found a runed translucent gate.
 40473 | Vaults:3 | Identified the +4 lajatang of Wu Jian's Hatred {slice, rF+}
 40477 | Vaults:3 | Found a roughly hewn altar of Beogh.
 40516 | Vaults:3 | Killed Graouh's ghost
 41595 | Vaults:4 | Noticed Saint Roka
 41618 | Vaults:4 | HP: 3/146 [ettin/+1 dire flail of holy wrath (24)]
 41839 | Vaults:4 | Reached XP level 23. HP: 152/152 MP: 35/35
 41999 | Vaults:4 | Reached skill level 1 in Translocations
 42547 | Vaults:4 | Killed Saint Roka
 42953 | Vaults:5 | Entered Level 5 of the Vaults
 42956 | Vaults:5 | Reached skill level 18 in Invocations
 43310 | Vaults:5 | Reached skill level 10 in Throwing
 43312 | Vaults:5 | Noticed Xtahua
 43332 | Vaults:4 | Killed Xtahua
 43494 | Vaults:4 | Reached XP level 24. HP: 86/159 MP: 27/36
 44110 | Vaults:4 | Reached skill level 5 in Translocations
 44826 | Vaults:5 | Identified the +10 arbalest "Saomauk" {elec, rElec rN+}
                  | (You found it on level 5 of the Vaults)
 44875 | Vaults:5 | Identified the cursed +0 robe of Leamoh {Dex+4}
 44901 | Vaults:5 | Got a silver rune of Zot
 44913 | Vaults:5 | Got a pair of faintly humming boots
 44929 | Vaults:5 | Identified the +0 pair of boots of Icuceis {rPois rC+
                  | Str+3} (You found it on level 5 of the Vaults)
 45107 | Vaults:5 | Identified the +7 falchion of Superiority {drain, MR++
                  | Int+4 SInv Stlth+}
 45279 | Vaults:5 | Identified the cursed +3 long sword of Sikuc {slice, MR-
                  | Str+3 Stlth+}
 45858 | Depths:1 | Entered Level 1 of the Depths
 45914 | Depths:1 | Reached skill level 15 in Armour
 45977 | Depths:1 | Found a one-way gate to the infinite horrors of the Abyss.
 45998 | Depths:1 | Found a gateway to Hell.
 46119 | Depths:1 | Identified the +10 spear of the Chickpea {pierce, rN+}
 46238 | Depths:1 | Reached XP level 25. HP: 124/166 MP: 36/36
 46840 | Depths:1 | Found a runed translucent door.
 46844 | Depths:1 | Found a shimmering altar of Xom.
 46844 | Depths:1 | Noticed Lemic's ghost (veteran VSAs)
 46861 | Depths:1 | Killed Lemic's ghost
 46863 | Depths:1 | Identified the Almanac of Frigorific Unholy Secrets
 47131 | Depths:2 | Reached skill level 19 in Invocations
 47929 | Depths:2 | Found a runed translucent gate.
 47930 | Depths:2 | Found a runed translucent gate.
 47931 | Depths:2 | Found a runed translucent gate.
 47934 | Depths:2 | Found a viscous altar of Jiyva.
 47934 | Depths:2 | Noticed Zeph's ghost (adept NaFi)
 47955 | Depths:2 | Killed Zeph's ghost
 48035 | Depths:2 | Found a one-way gate leading to the halls of Pandemonium.
 48205 | Depths:2 | Reached XP level 26. HP: 158/173 MP: 36/36
 48438 | Hell     | Entered the Vestibule of Hell
 48438 | Hell     | Noticed Geryon
 49065 | Depths:3 | Found a corrupted altar of Lugonu.
 49367 | Depths:3 | Found a gateway to a ziggurat.
 49398 | Depths:3 | Got a faintly glowing scale mail
 49399 | Depths:3 | Identified the +1 scale mail of Topsu {rElec rC+ Regen+}
                  | (You acquired it on level 3 of the Depths)
 49830 | Depths:3 | Got a coiled lapis lazuli ring
 49832 | Depths:3 | Identified the ring "Pibi" {+Fly rPois rC+ MR+} (You found
                  | it on level 3 of the Depths)
 50018 | Depths:3 | Noticed Jory
 50031 | Depths:3 | Killed Jory
 50361 | Depths:4 | Paralysed by a floating eye for 2 turns
 50366 | Depths:4 | Found a runed translucent door.
 50400 | Depths:4 | Noticed a juggernaut
 50447 | Depths:4 | Killed a juggernaut
 50447 | Depths:4 | Reached skill level 20 in Invocations
 50804 | Depths:4 | Paralysed by a floating eye for 3 turns
 51250 | Depths:4 | Reached XP level 27. HP: 174/180 MP: 37/37
 51390 | Depths:5 | Entered Level 5 of the Depths
 51515 | Depths:5 | Learned a level 4 spell: Animate Dead
 51720 | Depths:5 | Identified the +1 faerie dragon scales {rCorr MP+10 Str+2
                  | Int+2}
 51720 | Depths:5 | Noticed the Enchantress
 51732 | Depths:5 | Found a gate to the Realm of Zot.
 51904 | Depths:5 | Reached skill level 1 in Necromancy
 51975 | Depths:5 | Killed the Enchantress
 52121 | Depths:5 | Found the +6 shillelagh "Devastator" {shatter}
 52784 | Crypt:1  | Entered Level 1 of the Crypt
 53809 | Crypt:2  | Noticed Khufu
 53810 | Crypt:2  | Noticed a greater mummy
 53817 | Crypt:2  | Killed a greater mummy
 53825 | Crypt:2  | Killed Khufu
 54345 | Crypt:3  | Entered Level 3 of the Crypt
 54449 | Crypt:3  | Found a staircase to the Tomb.
 54595 | Crypt:3  | Found a basalt altar of Yredelemnul.
 54648 | Crypt:3  | Found the +8 demon trident "Rift" {distort, reach+}
 55176 | Crypt:3  | Got a shimmering lead ring
 55178 | Crypt:3  | Identified the ring of the Four Seas {rF+ rN+ MR+ Str-2
                  | Dex+4} (You found it on level 3 of the Crypt)
 55182 | Crypt:3  | Got a glittering platinum ring
 55184 | Crypt:3  | Identified the ring "Depic" {rN+ MR+ Str+3} (You found it
                  | on level 3 of the Crypt)
 55188 | Crypt:3  | Got an ancient lapis lazuli ring
 55190 | Crypt:3  | Identified the ring of the Cast Vote {*Contam rN+ Dex+2
                  | SInv} (You found it on level 3 of the Crypt)
 55318 | Crypt:3  | Found the +7 Spriggan's Knife {stab, EV+4 Stlth+}
 55747 | Orc:2    | Bought a scroll of enchant armour for 105 gold pieces
 56213 | D:10     | You paid a toll of +3 storm dragon scales to enter a
                  | treasure trove
 56214 | Trove    | Entered a treasure trove
 56219 | Trove    | Found the ring of Robustness {AC+8}
 56226 | Trove    | Got a bound lead ring
 56231 | Trove    | Got a flickering copper ring
 56233 | Trove    | Got a twitching tin ring
 56236 | Trove    | Got a slimy bone ring
 56239 | Trove    | Got a shimmering tin ring
 56248 | Trove    | Got a glittering golden ring
 56254 | Trove    | Identified the ring of the Republic {MR++ Stlth+} (You
                  | found it in a treasure trove)
 56255 | Trove    | Identified the ring "Tech" {rC+ SInv} (You found it in a
                  | treasure trove)
 56256 | Trove    | Identified the ring "Fibbegheple" {+Fly Int+5} (You found
                  | it in a treasure trove)
 56257 | Trove    | Identified the ring of the Distant Future {rF+ rC+ Str+2}
                  | (You found it in a treasure trove)
 56258 | Trove    | Identified the ring "Rontel" {rPois EV+3 Dex+2} (You found
                  | it in a treasure trove)
 56259 | Trove    | Identified the ring of Moubiago {*Slow rPois Slay+2 Stlth+}
                  | (You found it in a treasure trove)
 56494 | Hell     | Killed Geryon
 56505 | Hell     | Reached skill level 5 in Charms
 56817 | Hell     | Found a gateway to the Iron City of Dis.
 56822 | Dis:1    | Entered Level 1 of the Iron City of Dis
 56865 | Hell     | Found a gateway to the freezing wastes of Cocytus.
 56886 | Coc:1    | Entered Level 1 of Cocytus
 56917 | Hell     | Reached skill level 5 in Necromancy
 56921 | Hell     | Reached skill level 21 in Invocations
 56968 | Hell     | Found a gateway to the decaying netherworld of Tartarus.
 56995 | Tar:1    | Entered Level 1 of Tartarus
 57140 | Hell     | Found a gateway to the ashen valley of Gehenna.
 57234 | Geh:1    | Entered Level 1 of Gehenna
 57614 | Slime:1  | Entered Level 1 of the Pits of Slime
 57618 | Slime:1  | Gained mutation: You are clumsy. (Dex -2) [a shining eye]
 57631 | Slime:1  | Gained mutation: Armour fits poorly on your strangely
                  | shaped body. [a shining eye]
 57634 | Slime:1  | Gained mutation: Scrolls take you a little longer to read.
                  | [a shining eye]
 57847 | Slime:3  | Gained mutation: Scrolls take you longer to read. [a
                  | shining eye]
 57850 | Slime:3  | Gained mutation: You are weak. (Str -2) [a shining eye]
 57867 | Slime:3  | You are sucked into a shaft!
 57979 | Slime:5  | Entered Level 5 of the Pits of Slime
 58189 | Slime:4  | Gained mutation: You are frail. (-10% HP) [a shining eye]
 58646 | Slime:5  | Found a viscous altar of Jiyva.
 58646 | Slime:5  | Noticed the Royal Jelly
 58682 | Slime:5  | Gained mutation: Potions are less effective at restoring
                  | your health. [a shining eye]
 59118 | Slime:5  | Gained mutation: Your body sometimes deteriorates upon
                  | taking damage. [a shining eye]
 59408 | Slime:5  | Killed the Royal Jelly
 59811 | Slime:5  | Got a slimy rune of Zot
 59815 | Slime:5  | Identified the amulet "Dasu" {Spirit rC+} (You found it on
                  | level 5 of the Pits of Slime)
 59900 | Slime:5  | Identified the +0 shield "Reigg" {MR+ Str-3 Dex+4} (You
                  | found it on level 5 of the Pits of Slime)
 59967 | Slime:5  | Identified the amulet "Saster" {rF+ Regen+ Int+5 Slay+3}
                  | (You found it on level 5 of the Pits of Slime)
 60372 | Vaults:2 | Lost mutation: You are weak. (Str -2) [potion of mutation]
 60372 | Vaults:2 | Lost mutation: Your body sometimes deteriorates upon taking
                  | damage. [potion of mutation]
 60372 | Vaults:2 | Lost mutation: You are clumsy. (Dex -2) [potion of
                  | mutation]
 60372 | Vaults:2 | Lost mutation: Scrolls take you longer to read. [potion of
                  | mutation]
 60372 | Vaults:2 | Gained mutation: You can translocate small distances at
                  | will. [potion of mutation]
 60372 | Vaults:2 | Lost mutation: Scrolls take you a little longer to read.
                  | [potion of mutation]
 60372 | Vaults:2 | Gained mutation: Your flesh is cold resistant. (rC+)
                  | [potion of mutation]
 60373 | Vaults:2 | Lost mutation: You are frail. (-10% HP) [potion of
                  | mutation]
 60373 | Vaults:2 | Lost mutation: Armour fits poorly on your strangely shaped
                  | body. [potion of mutation]
 60373 | Vaults:2 | Gained mutation: You expend magic power (3 MP) to
                  | strengthen your wands. [potion of mutation]
 60685 | Zot:1    | Entered Level 1 of the Realm of Zot
 61023 | Zot:1    | Identified the +4 dragonskin cloak
 61023 | Zot:1    | Noticed Tiamat
 61039 | Zot:1    | Killed Tiamat
 61762 | Zot:2    | Reached skill level 15 in Throwing
 62016 | Zot:2    | Gained mutation: You are dopey. (Int -2) [mutagenic glow]
 62043 | Zot:2    | Gained mutation: Your magical capacity is low. (-10% MP)
                  | [mutagenic glow]
 62098 | Zot:2    | Reached skill level 22 in Invocations
 65439 | Zot:5    | Entered Level 5 of the Realm of Zot
 66007 | Zot:5    | Reached skill level 23 in Invocations
 66103 | Zot:5    | Noticed an ancient lich
 66119 | Zot:5    | Killed an ancient lich
 66296 | Zot:5    | Noticed an orb of fire
 66296 | Zot:5    | Gained mutation: Armour fits poorly on your strangely
                  | shaped body. [an orb of fire]
 66312 | Zot:5    | Gained mutation: Scrolls take you a little longer to read.
                  | [an orb of fire]
 66314 | Zot:5    | Killed an orb of fire
 66337 | Zot:5    | Reached skill level 24 in Invocations
 66379 | Zot:5    | Noticed an orb of fire
 66394 | Zot:5    | Gained mutation: Your spells are a little easier to cast,
                  | but a little less powerful. [an orb of fire]
 66396 | Zot:5    | Killed an orb of fire
 66649 | Zot:5    | Got the Orb of Zot
 66669 | Zot:5    | Reached skill level 25 in Invocations
 67419 | D:$      | Escaped with the Orb!

Skill      XL: |  1  2  3  4  5  6  7  8  9 10 11 12 13 14 15 16 17 18 19 20 21 22 23 24 25 26 27 |
---------------+----------------------------------------------------------------------------------+-----
Axes           | 3 4 5 6 7 8 10 11 12 13 14 15 16 17 18 19 20 21 23 | 23.7
Dodging        | 3 4 5 6 7 8 10 11 12 13 | 13.4
Fighting       | 4 5 6 7 8 9 10 11 12 13 14 15 16 17 18 19 20 21 | 21.6
Stealth        | 3 4 5 6 7 |  7.1
Armour         | 2 4 6 7 8 9 10 11 12 13 15 16 20 | 20.0
Throwing       | 2 4 5 6 7 8 9 10 11 12 13 16 | 16.2
Shields        | 1 2 3 5 7 8 9 11 13 | 13.9
Invocations    | 4 7 9 10 11 12 13 14 16 17 18 19 20 25 | 25.7
Spellcasting   | 1 3 4 5 6 7 |  7.6
Conjurations   | 1 2 |  2.5
Charms         | 1 2 3 4 7 |  7.7
Air Magic      | 1 |  1.6
Evocations     | 1 |  1.2
Poison Magic   | 3 5 6 |  6.4
Translocations | 4 6 7 |  7.5
Necromancy     | 7 |  7.0
Maces & Flails | |  0.7
Polearms       | |  0.4

Action                   |  1- 3 |  4- 6 |  7- 9 | 10-12 | 13-15 | 16-18 | 19-21 | 22-24 | 25-27 || total
-------------------------+-------+-------+-------+-------+-------+-------+-------+-------+-------++-------
Melee: Hand axe          |   130 |   198 |   131 |       |     2 |       |       |       |       ||   461
       War axe           |       |       |   282 |   235 |       |    40 |       |       |       ||   557
       Battleaxe         |       |       |       |   289 |   743 |   951 |   371 |   906 |    45 ||  3305
       Whip              |       |       |       |       |    17 |       |       |       |       ||    17
       Glaive            |       |       |       |       |     6 |       |       |       |       ||     6
       Broad axe         |       |       |       |       |       |       |   534 |       |   495 ||  1029
       Executioner's axe |       |       |       |       |       |       |       |       |  1775 ||  1775
Throw: Javelin           |       |       |     6 |    34 |    82 |    81 |   160 |    94 |   274 ||   731
       Tomahawk          |       |       |       |       |    20 |    28 |    11 |     1 |    58 ||   118
 Cast: Shock             |       |       |       |    33 |    75 |     3 |       |       |       ||   111
       Sting             |       |       |       |    10 |     1 |       |       |       |       ||    11
       Song of Slaying   |       |       |       |     7 |    20 |    22 |    15 |    13 |    27 ||   104
       Poisonous Vapours |       |       |       |     3 |    11 |     2 |       |       |       ||    16
       Olgreb's Toxic Ra |       |       |       |       |       |    28 |     1 |     2 |     3 ||    34
       Blink             |       |       |       |       |       |       |       |     1 |     6 ||     7
       Animate Dead      |       |       |       |       |       |       |       |       |     2 ||     2
Invok: Bend Time         |       |       |     1 |       |       |       |       |       |       ||     1
       Slouch            |       |       |       |       |     9 |     2 |    11 |    11 |    20 ||    53
 Abil: Evoke Berserk Rag |       |     2 |     1 |       |       |       |       |       |       ||     3
       Fly               |       |       |       |     1 |       |       |       |       |       ||     1
Evoke: Wand              |       |       |       |       |     9 |     7 |     7 |       |     2 ||    25
  Use: Potion            |       |       |     5 |     9 |     5 |     2 |     1 |     2 |    12 ||    36
       Scroll            |       |       |       |    13 |    11 |    21 |    23 |     5 |    25 ||    98
 Stab: Sleeping          |     4 |     5 |     9 |     3 |     7 |     4 |     3 |       |       ||    35
       Distracted        |       |       |       |     1 |     2 |       |     7 |     2 |     1 ||    13
       Confused          |       |       |       |       |       |       |     1 |       |       ||     1
  Eat: Chunk             |     2 |     6 |    16 |    12 |    23 |    13 |    14 |    14 |    21 ||   121
       Ration            |       |       |     1 |     1 |       |     2 |     1 |       |     8 ||    13
Armor: Robe              |    42 |    37 |       |       |       |       |       |       |       ||    79
       Ring mail         |       |    64 |   226 |    37 |       |       |       |       |       ||   327
       Pearl dragon scal |       |       |       |   242 |   339 |       |       |       |       ||   581
       Troll leather arm |       |       |       |    11 |       |       |       |       |       ||    11
       Scale mail        |       |       |       |       |   156 |   502 |    49 |       |       ||   707
       Fire dragon scale |       |       |       |       |     2 |       |       |       |       ||     2
       Plate armour      |       |       |       |       |       |   175 |   195 |       |       ||   370
       Ice dragon scales |       |       |       |       |       |       |    98 |       |       ||    98
       Gold dragon scale |       |       |       |       |       |       |    80 |   806 |  1899 ||  2785
Dodge: Dodged            |    94 |   151 |   312 |   568 |   936 |  1584 |   773 |  1091 |  2948 ||  8457
       Deflected         |       |       |       |       |    20 |    21 |    47 |    74 |    23 ||   185
Block: Buckler           |       |       |    26 |    67 |       |       |       |       |       ||    93
       Shield            |       |       |       |       |       |    24 |   526 |       |   469 ||  1019
       Other             |       |       |       |       |       |    20 |    66 |       |       ||    86
       Reflection        |       |       |       |       |       |     2 |    43 |       |       ||    45
